 Dungeon Crawl Stone Soup version 0.18.1-50-g88ac8fd (webtiles) character file.

618 nikopol the Chopper (level 7, 0/93 HPs)
             Began as a Minotaur Berserker on Sept 26, 2016.
             Was a Priest of Trog.
             Succumbed to Dowan's poison
             ... on level 5 of the Dungeon.
             The game lasted 00:08:13 (2941 turns).

nikopol the Chopper (Minotaur Berserker)            Turns: 2941, Time: 00:08:14

Health: 0/93       AC: 11    Str: 26    XL:     7   Next: 21%
Magic:  6/6        EV:  7    Int:  4    God:    Trog [***...]
Gold:   208        SH: 10    Dex: 12    Spells: 0 memorised, 6 levels left

rFire  . . .     SeeInvis .     a - +0 hand axe
rCold  . . .     Gourm    +     d - +0 chain mail
rNeg   . . .     Faith    .     l - +0 shield
rPois  .         Spirit   .     (helmet restricted)
rElec  .         Dismiss  .     (no cloak)
rCorr  .         Reflect  .     i - +0 pair of gloves
SustAt .         Harm     .     y - +0 pair of boots (curse)
MR     .....                    p - amulet of the gourmand
Stlth  ..........               (no ring)
                                (no ring)

@: berserking (expiring), lethally poisoned (0 -> -48), drained, very quick, not
resistant to hostile enchantments, extremely unstealthy
A: retaliatory headbutt, horns 2
a: Berserk, Trog's Hand, Burn Spellbooks, Renounce Religion


You were on level 5 of the Dungeon.
You worshipped Trog.
Trog was most pleased with you.
You were completely stuffed.

You visited 1 branch of the dungeon, and saw 5 of its levels.

You collected 208 gold pieces.

Inventory:

Hand Weapons
 a - a +0 hand axe (weapon)
Armour
 b - a +0 animal skin
 d - a +0 chain mail (worn)
 i - a +0 pair of gloves (worn)
 l - a +0 shield (worn)
 y - a cursed +0 pair of boots (worn)
Jewellery
 p - an amulet of the gourmand (around neck)
 q - an uncursed ring of ice {unknown}
 H - a +2 ring of intelligence {unknown}
Wands
 x - a wand of iceblast (3/15)
Scrolls
 e - 2 scrolls of immolation {unknown}
 f - 3 scrolls of remove curse {unknown}
 h - 2 scrolls of amnesia {unknown}
 j - a scroll of teleportation {unknown}
 k - 3 scrolls of identify {unknown}
 s - 2 scrolls of enchant armour {unknown}
 v - a scroll of magic mapping {unknown}
 z - a scroll of fog {unknown}
 B - 2 scrolls of fear {unknown}
 D - 2 scrolls of enchant weapon {unknown}
Potions
 g - a potion of haste {unknown}
 m - 2 potions of curing {unknown}
 n - a potion of degeneration {unknown}
 o - a potion of magic {unknown}
 u - 3 potions of might {unknown}
 A - a potion of lignification {unknown}
 C - a potion of invisibility {unknown}
 E - a potion of cancellation {unknown}
 F - a potion of brilliance {unknown}
Comestibles
 c - 4 bread rations
 r - 3 meat rations
 t - a slice of pizza
 w - a beef jerky
 G - 4 chunks of flesh


   Skills:
 + Level 5.7(4.8) Fighting
 + Level 6.1(5.3) Axes
 + Level 5.1(4.3) Armour
 - Level 2.8(2.0) Dodging
 + Level 3.9(3.1) Shields


You had 6 spell levels left.
You didn't know any spells.

Dungeon Overview and Level Annotations

Branches:
Dungeon (5/15)
 Temple: D:4-7

Altars:
Makhleb

Shops:
D:5 (!


Innate Abilities, Weirdness & Mutations

You reflexively headbutt those who attack you in melee.
You have a pair of horns on your head.


Message History

Dowan is severely wounded.
You closely miss the crimson imp.
* * * LOW HITPOINT WARNING * * *
You feel very sick. Dowan hits you with a dagger of venom.
* * * LOW HITPOINT WARNING * * *
You are more poisoned.
The crimson imp blinks!
You block Dowan's attack.
You slash Dowan!
You kill Dowan!
Trog accepts your kill.
Trog appreciates your killing of a magic user.
* * * LOW HITPOINT WARNING * * *
You feel very sick.
* * * LOW HITPOINT WARNING * * *
You feel very sick.
Items here: ! ) [ † a dagger of venom; a robe; a fuming green potion; the elf corpse of Dowan You feel a strong urge to attack something.
You die...

###############
.....##...#...# #
.....##.......########..
.....##.........).......
.....#......##.§).......
.....#......##..@.5.....
.....#......##..........
............##..........
.................(......
........................
.......##........#......
.......##........#........
.................#........
.......).........#........


You could see a crimson imp.

Vanquished Creatures
  Duvessa (D:5)
  Dowan (D:5)
  A howler monkey (D:4)
  A crimson imp (D:3)
  An orc priest (D:5)
  A centaur skeleton (D:5)
  2 giant frog skeletons
  Terence (D:2)
  A worker ant (D:5)
  A hound zombie (D:5)
  Robin (D:2)
  4 gnolls (D:4)
  5 adders
  A shadow imp (D:3)
  An ooze (D:2)
  3 worms
  3 dart slugs
  2 giant geckos (D:3)
  5 orcs
  A ball python (D:3)
  3 bats
  8 giant cockroaches
  7 hobgoblins
  4 jackals (D:2)
  3 quokkas
  7 giant newts
  16 goblins
  4 kobolds
  A quokka skeleton (D:4)
  6 rats
96 creatures vanquished.

Notes
Turn   | Place    | Note
--------------------------------------------------------------
     0 | D:1      | nikopol the Minotaur Berserker began the quest for the Orb.
     0 | D:1      | Reached XP level 1. HP: 19/19 MP: 0/0
   190 | D:1      | Reached XP level 2. HP: 27/27 MP: 1/1
   198 | D:1      | You fall through a shaft!
   248 | D:2      | Noticed Robin
   259 | D:2      | Killed Robin
   259 | D:2      | Reached skill level 4 in Axes
   259 | D:2      | Reached XP level 3. HP: 11/33 MP: 2/2
   641 | D:1      | Reached ** piety under Trog
   904 | D:2      | Noticed Terence
   916 | D:2      | Killed Terence
   916 | D:2      | Reached skill level 1 in Shields
   916 | D:2      | Reached XP level 4. HP: 40/40 MP: 3/3
  1610 | D:3      | Reached XP level 5. HP: 39/47 MP: 4/4
  1634 | D:3      | Reached skill level 5 in Axes
  1680 | D:3      | Reached *** piety under Trog
  1989 | D:4      | Reached XP level 6. HP: 55/55 MP: 5/5
  2152 | D:4      | Found a burning altar of Makhleb.
  2152 | D:4      | Noticed a balrug
  2155 | D:4      | Noticed a neqoxec
  2155 | D:4      | Noticed a smoke demon
  2352 | D:4      | Reached skill level 5 in Fighting
  2634 | D:5      | Entered Level 5 of the Dungeon
  2672 | D:5      | Found Item's Distillery.
  2691 | D:5      | Found Pexkuen's Weapon Shoppe.
  2921 | D:5      | Noticed Duvessa
  2921 | D:5      | Noticed Dowan
  2938 | D:5      | Killed Duvessa
  2938 | D:5      | Reached skill level 6 in Axes
  2938 | D:5      | Reached skill level 5 in Armour
  2938 | D:5      | Reached XP level 7. HP: 12/61 MP: 6/6
  2939 | D:5      | Killed Dowan
  2940 | D:5      | HP: 2/93 [poisoned by Dowan]
  2941 | D:5      | Succumbed to Dowan's poison

Skill      XL: |  1  2  3  4  5  6 |
---------------+-------------------+-----
Axes           | 4 5 6 |  6.1
Armour         | 3 4 5 |  5.1
Fighting       | 4 5 |  5.7
Shields        | 1 2 3 |  3.9
Dodging        | |  2.8

Action                   |  1- 3 |  4- 6 |  7- 9 || total
-------------------------+-------+-------+-------++-------
Melee: Hand axe          |    67 |   217 |     1 ||   285
       Headbutt          |     8 |    34 |       ||    42
Invok: Berserk           |     2 |     3 |       ||     5
  Eat: Chunk             |     4 |    18 |       ||    22
Armor: Chain mail        |    42 |   134 |       ||   176
Dodge: Dodged            |    15 |    64 |       ||    79
Block: Shield            |     7 |   100 |     1 ||   108
